 Dungeon Crawl Stone Soup version 0.21.1-1-g345015f (webtiles) character file.

20 letownia2 the Magician (level 2, 0/19 HPs)
             Began as a Merfolk Wizard on Mar 9, 2018.
             Slain by a quokka (2 damage)
             ... on level 2 of the Dungeon.
             The game lasted 00:02:42 (342 turns).

letownia2 the Magician (Merfolk Wizard)              Turns: 342, Time: 00:02:42

Health: 0/19       AC:  2    Str:  7    XL:     2   Next: 79%
Magic:  0/6        EV: 13    Int: 22    God:
Gold:   36         SH:  0    Dex: 12    Spells: 4/7 levels left

rFire    . . .     SeeInvis .   e - +0 dagger
rCold    . . .     Gourm    .   (no shield)
rNeg     . . .     Faith    .   a - +0 robe
rPois    .         Spirit   .   b - +0 hat
rElec    .         Reflect  .   (no cloak)
rCorr    .         Harm     .   (no gloves)
MR       .....                  (no boots)
Stlth    ++........             (no amulet)
HPRegen  0.06/turn              (no ring)
MPRegen  0.10/turn              (no ring)

@: brilliant, very slightly contaminated, hasted, very quick
A: change form in water, swift swim, stealthy swim
a: no special abilities


You were on level 2 of the Dungeon.
You were not hungry.

You visited 1 branch of the dungeon, and saw 3 of its levels.

You collected 36 gold pieces.

Inventory:

Hand Weapons
 e - a +0 dagger (weapon)
 h - a +0 spear
Missiles
 g - 4 tomahawks (quivered)
Armour
 a - a +0 robe (worn)
 b - a +0 hat (worn)
Scrolls
 f - a scroll of enchant armour {unknown}
Potions
 j - a potion of brilliance
Books
 c - a book of Minor Magic

   Spells                             Type                      Level
   a - Magic Dart                     Conjuration                  1
   b - Blink                          Translocation                2
   c - Call Imp                       Summoning                    2
   d - Slow                           Hexes                        2
   e - Conjure Flame                  Conjuration/Fire             3
   f - Mephitic Cloud                 Conjuration/Poison/Air       3
Comestibles
 d - a ration


   Skills:
 - Level 2.6 Dodging
 - Level 2.2 Stealth
 - Level 3.0 Spellcasting
 + Level 1.7 Conjurations
 * Level 1.7 Summonings
   Level 0.7 Translocations


You had 4 spell levels left.
You knew the following spells:

 Your Spells              Type           Power        Failure   Level  Hunger
a - Magic Dart            Conj           ###.         1%          1    None
i - Call Imp              Summ           ###.....     1%          2    ##.....


Dungeon Overview and Level Annotations

Branches:
Dungeon (3/15)

Altars:


Message History

You hit the quokka.
The quokka is lightly wounded.
The quokka closely misses you.
Casting: Call Imp
Confirm with . or Enter, or press ? or * to list all spells.
Aiming: Magic Dart
Press: ? - help, Shift-Dir - straight line, f/p - kobold
Aim: a kobold, wielding a dagger (heavily wounded)
You miscast Magic Dart.
Strange energies run through your body. The quokka bites you.
* * * LOW HITPOINT WARNING * * *
The quokka bites you.
* * * LOW HITPOINT WARNING * * *
Unknown command.
Unknown command.
It was a potion of brilliance.
You feel clever all of a sudden. The quokka closely misses you.
It was a potion of haste.
You feel yourself speed up. The quokka bites you.
You die...

.###.####...#......##########.###
.†......'...'....................
.###.####...#.(.....#####.##...##
.....# #...#.......#####.##.#.##
#########..†##......'...#.##.#...
#...).....##......###.#.##.#.##
#...(.>...######....#.#.##.#.##
#........#....##g.#.#.#.##.#..#
#........#....@rK.#.#.........#
########.####.###.#.#...##.##..
#......#†....#...##.###.
#.####.##.K#............ #..
#.##...........##.# ##
#.##....###.#### #.
#.###g###.....#
#.##.##.#....#.#.###.#
#.....##....#.#.....#


You could see a quokka, a goblin and a kobold.

Vanquished Creatures
  2 dart slugs (D:2)
  A ball python (D:2)
  2 giant cockroaches
  2 hobgoblins
  A kobold (D:2)
  2 frilled lizards
  4 goblins
14 creatures vanquished.

Notes
Turn   | Place    | Note
-------+----------+-------------------------------------------
     0 | D:1      | letownia2 the Merfolk Wizard began the quest for the Orb.
     0 | D:1      | Reached XP level 1. HP: 13/13 MP: 4/4
    44 | D:1      | Reached skill level 1 in Conjurations
   112 | D:2      | Reached XP level 2. HP: 18/19 MP: 1/6
   116 | D:2      | Learned a level 2 spell: Call Imp
   342 | D:2      | Slain by a quokka

Skill      XL: |  1 |
---------------+----+-----
Conjurations   | 1 |  1.7
Dodging        | |  2.6
Stealth        | |  2.2
Spellcasting   | |  3.0
Summonings     | |  1.7
Translocations | |  0.7

Action                   || total
-------------------------++-------
Melee: Dagger            ||    27
       Unarmed           ||     1
Throw: Tomahawk          ||     3
 Cast: Magic Dart        ||    27
  Use: Potion            ||     2
 Stab: Sleeping          ||     4
       Distracted        ||     1
Armor: Robe              ||     4
Dodge: Dodged            ||    24
